 Dungeon Crawl Stone Soup version 0.22-a0-456-g11ed031 (webtiles) character file.

140 Darkstone the Shooter (level 5, -2/41 HPs)
             Began as a Human Hunter on June 6, 2018.
             Slain by an orc
             ... wielding a +0 morningstar
              (5 damage)
             ... on level 3 of the Dungeon.
             The game lasted 00:11:19 (2171 turns).

Darkstone the Shooter (Human Hunter)                Turns: 2171, Time: 00:11:19

Health: -2/41      AC: 10    Str: 13    XL:     5   Next: 46%
Magic:  5/5        EV:  4    Int: 11    God:
Gold:   133        SH:  0    Dex: 14    Spells: 4/4 levels left

rFire    . . .     SeeInvis .   a - +1 shortbow
rCold    . . .     Gourm    .   (shield currently unavailable)
rNeg     . . .     Faith    .   t - +0 plate armour
rPois    .         Spirit   .   (no helmet)
rElec    .         Reflect  .   (no cloak)
rCorr    .         Harm     .   (no gloves)
MR       .....                  (no boots)
Stlth    ..........             (no amulet)
HPRegen  0.13/turn              (no ring)
MPRegen  0.09/turn              (no ring)

@: no status effects
A: no striking features
a: no special abilities


You were on level 3 of the Dungeon.
You were not hungry.

You visited 1 branch of the dungeon, and saw 3 of its levels.

You collected 133 gold pieces.

Inventory:

Hand Weapons
 a - a +1 shortbow (weapon)
 b - a +0 short sword
Missiles
 d - 47 arrows (quivered)
 m - 40 bolts
Armour
 t - a +0 plate armour (worn)
Wands
 q - a wand of flame (12)
Scrolls
 e - a scroll of blinking {unknown}
 g - a scroll of immolation {unknown}
 h - 3 scrolls of identify {unknown}
 l - a scroll of remove curse {unknown}
Potions
 j - 4 potions of ambrosia {unknown}
 k - a potion of lignification {unknown}
 o - a potion of agility {unknown}
 p - 2 potions of mutation {unknown}
Comestibles
 f - 8 rations
 r - a chunk of flesh


   Skills:
 + Level 3.1 Fighting
 * Level 4.6 Bows
 + Level 0.1 Armour
 + Level 3.0 Dodging
 * Level 2.7 Stealth


You had 4 spell levels left.
You didn't know any spells.
Your spell library was empty.

Dungeon Overview and Level Annotations

Branches:
Dungeon (3/15)

Altars:
Elyvilon
Uskayaw


Message History

* * * LOW HITPOINT WARNING * * *
Firing (i - inventory)
d - 50 arrows (quivered)
Press: ? - help, Shift-Dir - straight line, f - orc
Aim: an orc, wielding a morningstar You shoot an arrow.
The arrow closely misses the orc.
The arrow hits the orc.
The orc is lightly wounded.
Firing (i - inventory)
d - 49 arrows (quivered)
Press: ? - help, Shift-Dir - straight line, f/p - orc
Aim: an orc, wielding a morningstar You shoot an arrow.
The arrow closely misses the orc.
The arrow hits the orc.
The orc is severely wounded.
The orc hits you but does no damage.
Firing (i - inventory)
d - 48 arrows (quivered)
Press: ? - help, Shift-Dir - straight line, f/p - orc
Aim: an orc, wielding a morningstar You shoot an arrow.
The arrow hits the orc.
The orc is heavily wounded.
The orc priest calls upon Beogh to heal the orc.
The orc is healed somewhat.
The orc hits you with a morningstar.
You die...

.....##o# #.......#
.....##.# #######.#
.....##.########.....#
.....##'#.....##.#####
........o.....##.....#
##.......o....######.#
#............# #...#
#.....o...#######.#.#
#.........#.ooo@..#.#
#.........#o#######.#
#.........#.# ###
#.........o.#
#.....>...###
##+##...### ....###
###.# #.


You could see 2 orc priests and 2 orcs.

Vanquished Creatures
  3 gnolls (D:2)
  4 adders
  2 dart slugs
  3 worms (D:2)
  A leopard gecko (D:2)
  An orc (D:3)
  3 giant cockroaches
  5 goblins
  8 hobgoblins
  2 jackals (D:2)
  2 quokkas
  9 bats
  2 frilled lizards
  4 kobolds
  16 rats
65 creatures vanquished.

Notes
Turn   | Place    | Note
-------+----------+-------------------------------------------
     0 | D:1      | Darkstone the Human Hunter began the quest for the Orb.
     0 | D:1      | Reached XP level 1. HP: 16/16 MP: 1/1
   117 | D:1      | Reached XP level 2. HP: 22/22 MP: 2/2
   394 | D:1      | Reached XP level 3. HP: 28/28 MP: 3/3
   907 | D:2      | Reached XP level 4. HP: 34/34 MP: 4/4
  1617 | D:2      | Reached XP level 5. HP: 39/40 MP: 5/5
  1840 | D:3      | Found a hide-covered altar of Uskayaw.
  1849 | D:3      | Noticed a dagger
  1849 | D:3      | Noticed a hand axe
  2044 | D:3      | Found a white marble altar of Elyvilon.
  2165 | D:3      | HP: 2/41 [orc/morningstar (3)]
  2171 | D:3      | Slain by an orc

Vault maps used:
D:1:      ncdulo_wetmaze
D:2:      skrybe_limestone_x, nrook_uturn
D:3:      dancing_weapons_uskayaw, elyvilon_altar_3, old_standard_altar,
          minmay_distorted

Skill      XL: |  1  2  3  4  5 |
---------------+----------------+-----
Stealth        | 2 |  2.7
Fighting       | 3 |  3.1
Dodging        | 3 |  3.0
Bows           | |  4.6
Armour         | |  0.1

Action                   |  1- 3 |  4- 6 || total
-------------------------+-------+-------++-------
 Fire: Shortbow          |    81 |   103 ||   184
  Eat: Ration            |       |     1 ||     1
       Chunk             |       |     1 ||     1
Armor: Leather armour    |    12 |     1 ||    13
       Plate armour      |       |     5 ||     5
Dodge: Dodged            |    18 |    11 ||    29

Table legend:
 A = Spawn XP
 B = Non-spawn XP
 C = Spawn XP percentage of total XP
 D = Spawn monster count
 E = Non-spawn monster count
 F = Spawn count percentage of total count
 G = Total turns spent on level
                    A         B        C        D         E        F      G
               +---------+---------+-------+---------+---------+-------+---------
         Total |       0 |     200 |   0.0 |       0 |      65 |   0.0 |  2171
               +---------+---------+-------+---------+---------+-------+---------
           D:1 |       0 |      39 |   0.0 |       0 |      24 |   0.0 |   793
           D:2 |       0 |     103 |   0.0 |       0 |      25 |   0.0 |   887
           D:3 |       0 |      58 |   0.0 |       0 |      16 |   0.0 |   491
               +---------+---------+-------+---------+---------+-------+---------
